TOP OF THE 1ST |
---|
Culver City Extras batting - Pitching for Casper Ghosts : RHP Luis Castillo | Pitching: RHP Luis Castillo | | Batting: LHB Trey Fitzpatrick | 0-0: Ball 1-0: Called Strike 1-1: Foul Ball, location: 2F 1-2: Strikes out looking | Batting: RHB Mitchell Darragh | 0-0: Called Strike 0-1: Foul Ball, location: 2F 0-2: Foul Ball, location: 2F 0-2: Ball 1-2: Ball 2-2: Ground out 1-3 (Groundball, 13) | Batting: RHB John Stevens | 0-0: Ball 1-0: Fly out, F7 (Flyball, 78S) | Top of the 1st over - 0 runs, 0 hits, 0 errors, 0 left on base; Culver City 0 - Casper 0 | BOTTOM OF THE 1ST |
---|
Casper Ghosts batting - Pitching for Culver City Extras : RHP Jim Rawnsley | Pitching: RHP Jim Rawnsley | | Batting: RHB Peter Bryant | 0-0: Ball 1-0: Called Strike 1-1: Called Strike 1-2: Ball 2-2: Foul Ball, location: 2F 2-2: Strikes out swinging | Batting: LHB Ramón Córdova | 0-0: Ball 1-0: Called Strike 1-1: Foul Ball, location: 2F 1-2: Ball 2-2: Fly out, F5 (Popup, 56S) | Batting: RHB Paul Richard | 0-0: Swinging Strike 0-1: Swinging Strike 0-2: Ball 1-2: Ball 2-2: Strikes out swinging | Bottom of the 1st over - 0 runs, 0 hits, 0 errors, 0 left on base; Culver City 0 - Casper 0 | TOP OF THE 2ND |
---|
Culver City Extras batting - Pitching for Casper Ghosts : RHP Luis Castillo | Batting: LHB Tony Smith | 0-0: Fly out, F8 (Flyball, 78D) | Batting: LHB Ernesto Meléndez | 0-0: Called Strike 0-1: Fly out, F8 (Flyball, 8RD) | Batting: LHB Richard Bell | 0-0: SINGLE (Groundball, 6D) | Batting: RHB Pancho Reyna | 0-0: Ball 1-0: Foul Ball, location: 2F 1-1: Called Strike 1-2: Hit by Pitch Richard Bell to second | Batting: RHB Jamie Swyers | 0-0: Called Strike 0-1: Ball 1-1: Fly out, F7 (Flyball, 7) | Top of the 2nd over - 0 runs, 1 hit, 0 errors, 2 left on base; Culver City 0 - Casper 0 | BOTTOM OF THE 2ND |
---|
Casper Ghosts batting - Pitching for Culver City Extras : RHP Jim Rawnsley | Batting: LHB Luis Rodríguez | 0-0: Ball 1-0: Ball 2-0: Ground out 6-3 (Groundball, 6) | Batting: SHB José González | 0-0: Ball 1-0: Foul Ball, location: 2F 1-1: Ball 2-1: Ball 3-1: Swinging Strike 3-2: Foul Ball, location: 2F 3-2: Base on Balls | Batting: RHB Robert Acosta | 0-0: Ball José González is caught stealing 2nd base 1-0: Ground out 6-3 (Groundball, 6) | Bottom of the 2nd over - 0 runs, 0 hits, 0 errors, 0 left on base; Culver City 0 - Casper 0 | TOP OF THE 3RD |
---|
Culver City Extras batting - Pitching for Casper Ghosts : RHP Luis Castillo | Batting: SHB Joey Boyd | 0-0: Ball 1-0: Ball 2-0: Ball 3-0: Base on Balls | Batting: LHB Trey Fitzpatrick | 0-0: Called Strike 0-1: Ball 1-1: Ball 2-1: SINGLE (Line Drive, 34) Joey Boyd to second Runner from 2nd tries for 3rd, SAFE, no throw | Batting: RHB Mitchell Darragh | 0-0: Ball 1-0: SINGLE (Groundball, 56D) Joey Boyd scores Trey Fitzpatrick to second | Batting: RHB John Stevens | 0-0: Ball 1-0: Called Strike 1-1: Foul Ball, location: 2F 1-2: Strikes out swinging | Batting: LHB Tony Smith | 0-0: Ball 1-0: Called Strike 1-1: Ball 2-1: Ball 3-1: Foul Ball, location: 2F 3-2: Base on Balls Trey Fitzpatrick to third Mitchell Darragh to second | Batting: LHB Ernesto Meléndez | 0-0: Ball 1-0: Swinging Strike 1-1: Ball 2-1: Called Strike 2-2: Foul Ball, location: 2F 2-2: Ball 3-2: Strikes out swinging | Batting: LHB Richard Bell | 0-0: Ball 1-0: Foul Ball, location: 2F 1-1: Ball 2-1: Ball 3-1: GRAND SLAM HOME RUN (Flyball, 89XD), Distance : 417 ft | Batting: RHB Pancho Reyna | 0-0: Called Strike 0-1: Foul Ball, location: 2F 0-2: Ground out 6-3 (Groundball, 6) | Top of the 3rd over - 5 runs, 3 hits, 0 errors, 0 left on base; Culver City 5 - Casper 0 | BOTTOM OF THE 3RD |
---|
Casper Ghosts batting - Pitching for Culver City Extras : RHP Jim Rawnsley | Batting: RHB Jerry Browning | 0-0: Called Strike 0-1: Ground out U3 (Groundball, 3) | Batting: RHB Miguel Toro | 0-0: Called Strike 0-1: Ball 1-1: Swinging Strike 1-2: Ball 2-2: Ground out U3 (Groundball, 34S) | Batting: RHB Hunter Plunket | 0-0: SINGLE (Groundball, 6D) | Batting: RHB Peter Bryant | 0-0: Fly out, F9 (Line Drive, 89S) | Bottom of the 3rd over - 0 runs, 1 hit, 0 errors, 1 left on base; Culver City 5 - Casper 0 | TOP OF THE 4TH |
---|
Culver City Extras batting - Pitching for Casper Ghosts : RHP Luis Castillo | Batting: RHB Jamie Swyers | 0-0: Swinging Strike 0-1: Ball 1-1: Foul Ball, location: 2F 1-2: Strikes out looking | Batting: SHB Joey Boyd | 0-0: Called Strike 0-1: Swinging Strike 0-2: Strikes out swinging, 2-3 out at first. | Batting: LHB Trey Fitzpatrick | 0-0: Fly out, F8 (Line Drive, 8RM) | Top of the 4th over - 0 runs, 0 hits, 0 errors, 0 left on base; Culver City 5 - Casper 0 | BOTTOM OF THE 4TH |
---|
Casper Ghosts batting - Pitching for Culver City Extras : RHP Jim Rawnsley | Batting: LHB Ramón Córdova | 0-0: Ball 1-0: Ball 2-0: Swinging Strike 2-1: Foul Ball, location: 2F 2-2: Ball 3-2: Base on Balls | Batting: RHB Paul Richard | 0-0: Called Strike 0-1: Ball 1-1: Ball 2-1: Swinging Strike 2-2: Ball 3-2: Fielders Choice at 2nd, 1-6 (Groundball, P) | Batting: LHB Luis Rodríguez | 0-0: Ball 1-0: Ball 2-0: Ball 3-0: Base on Balls Paul Richard to second | Batting: SHB José González | 0-0: Called Strike 0-1: Ball 1-1: Foul Ball, location: 2F 1-2: Foul Ball, location: 2F 1-2: Ball 2-2: Ball 3-2: Base on Balls Paul Richard to third Luis Rodríguez to second | Batting: RHB Robert Acosta | 0-0: Fly out, F3 (Line Drive, 34) | Batting: RHB Jerry Browning | 0-0: Called Strike 0-1: Ball 1-1: Ball 2-1: Called Strike 2-2: Ball 3-2: Foul Ball, location: 2F 3-2: Foul Ball, location: 2F 3-2: Strikes out swinging | Bottom of the 4th over - 0 runs, 0 hits, 0 errors, 3 left on base; Culver City 5 - Casper 0 | TOP OF THE 5TH |
---|
Culver City Extras batting - Pitching for Casper Ghosts : RHP Luis Castillo | Batting: RHB Mitchell Darragh | 0-0: Ball 1-0: Ball 2-0: Ball 3-0: Base on Balls | Batting: RHB John Stevens | 0-0: Swinging Strike 0-1: Foul Ball, location: 2F 0-2: Ball 1-2: Ball 2-2: Grounds into double play, 4-6-3 (Groundball, 4) | Batting: LHB Tony Smith | 0-0: Foul Ball, location: 2F 0-1: Ball 1-1: Ball 2-1: Ball 3-1: Base on Balls | Batting: LHB Ernesto Meléndez | 0-0: Ball 1-0: Ball 2-0: Ball 3-0: Called Strike 3-1: Base on Balls Tony Smith to second | Batting: LHB Richard Bell | 0-0: Called Strike 0-1: Ball 1-1: Ball 2-1: Foul Ball, location: 2F 2-2: Ball 3-2: Base on Balls Tony Smith to third Ernesto Meléndez to second | Batting: RHB Pancho Reyna | 0-0: Called Strike 0-1: Foul Ball, location: 2F 0-2: Foul Ball, location: 2F 0-2: Ball 1-2: Foul Ball, location: 2F 1-2: Strikes out swinging | Top of the 5th over - 0 runs, 0 hits, 0 errors, 3 left on base; Culver City 5 - Casper 0 | BOTTOM OF THE 5TH |
---|
Casper Ghosts batting - Pitching for Culver City Extras : RHP Jim Rawnsley | Batting: RHB Miguel Toro | 0-0: Called Strike 0-1: Foul Ball, location: 2F 0-2: SINGLE (Line Drive, 89M) | Batting: RHB Hunter Plunket | 0-0: Ball 1-0: Called Strike 1-1: Ball 2-1: Ball 3-1: Foul Ball, location: 2F 3-2: Strikes out swinging | Batting: RHB Peter Bryant | 0-0: Ball 1-0: Called Strike 1-1: Grounds into double play, 5-4-3 (Groundball, 56) | Bottom of the 5th over - 0 runs, 1 hit, 0 errors, 0 left on base; Culver City 5 - Casper 0 | TOP OF THE 6TH |
---|
Culver City Extras batting - Pitching for Casper Ghosts : RHP Luis Castillo | Batting: RHB Jamie Swyers | 0-0: Ball 1-0: Called Strike 1-1: Ball 2-1: Foul Ball, location: 2F 2-2: Foul Ball, location: 2F 2-2: Ball 3-2: Base on Balls | Pitching: RHP Jack Hampton | | Batting: SHB Joey Boyd | 0-0: Called Strike 0-1: Ground out 4-3 (Groundball, 34) Jamie Swyers to second | Batting: LHB Trey Fitzpatrick | 0-0: Ground out 4-3 (Groundball, 4) Jamie Swyers to third | Batting: RHB Mitchell Darragh | 0-0: Foul Ball, location: 2F 0-1: Ball 1-1: Called Strike 1-2: Ball 2-2: Ball Wild Pitch! Jamie Swyers scores 3-2: Strikes out swinging | Top of the 6th over - 1 run, 0 hits, 0 errors, 0 left on base; Culver City 6 - Casper 0 | BOTTOM OF THE 6TH |
---|
Casper Ghosts batting - Pitching for Culver City Extras : RHP Jim Rawnsley | Batting: LHB Ramón Córdova | 0-0: Called Strike 0-1: Foul Ball, location: 2F 0-2: Foul Ball, location: 2F 0-2: Ball 1-2: Ground out 6-3 (Groundball, 6) | Batting: RHB Paul Richard | 0-0: Ball 1-0: Called Strike 1-1: Ball 2-1: SINGLE (Line Drive, 8RS) | Batting: LHB Luis Rodríguez | 0-0: Swinging Strike 0-1: Ball 1-1: Ground out 4-3 (Groundball, 34D) Paul Richard to second | Batting: SHB José González | 0-0: Ground out U3 (Groundball, 34) | Bottom of the 6th over - 0 runs, 1 hit, 0 errors, 1 left on base; Culver City 6 - Casper 0 | TOP OF THE 7TH |
---|
Culver City Extras batting - Pitching for Casper Ghosts : RHP Jack Hampton | Batting: RHB John Stevens | 0-0: Foul Ball, location: 2F 0-1: Swinging Strike 0-2: Ball 1-2: Foul Ball, location: 2F 1-2: Ball 2-2: Hit by Pitch | Batting: LHB Tony Smith | 0-0: Fly out, F8 (Flyball, 89M) | Batting: LHB Ernesto Meléndez | 0-0: Ball 1-0: Ball 2-0: Swinging Strike 2-1: Called Strike 2-2: Ball 3-2: Strikes out swinging | Batting: LHB Richard Bell | 0-0: Fly out, F8 (Flyball, 78D) | Top of the 7th over - 0 runs, 0 hits, 0 errors, 1 left on base; Culver City 6 - Casper 0 | BOTTOM OF THE 7TH |
---|
Casper Ghosts batting - Pitching for Culver City Extras : RHP Jim Rawnsley | Now at 1B: Norberto Muñóz | | Batting: RHB Robert Acosta | 0-0: Fly out, F8 (Flyball, 8LD) | Batting: RHB Jerry Browning | 0-0: Ball 1-0: Foul Ball, location: 2F 1-1: Ball 2-1: Ball 3-1: Base on Balls | Batting: RHB Miguel Toro | 0-0: Ball | |
---|
| Saturday, December 16th, 2017 - OOTP Baseball 18.8 Build 76 |
|